[Event "Titled Tuesday Blitz February 14 Early 2023"]
[White "Jaskolka, Tomasz"]
[Black "Stoleriu, George"]
[WhiteFideId "1170791"]
[BlackFideId "1227505"]
[WhiteElo "2238"]
[BlackElo "2390"]
[Result "0-1"]
[Round "09"]
[TimeControl "180+2"]
[Date "2023.02.14"]
[WhiteClock "0:00:06"]
[BlackClock "0:00:07"]

1. d4 e6 2. Bf4 Nf6 3. e3 c5 4. c3 Nd5 5. Bg3 Qb6 6. Qb3 cxd4 7. exd4 Nc6 8. Nd2 Na5 9. Qxb6 Nxb6 10. Ngf3 Be7 11. Bd3 O-O 12. O-O d6 13. c4 Nc6 14. Rfe1 Bd7 15. Rad1 Na4 16. Bc2 Nb4 17. Bxa4 Bxa4 18. b3 Bc6 19. d5 Bd7 20. dxe6 fxe6 21. Ne4 d5 22. cxd5 exd5 23. Nd6 Bf6 24. Nxb7 Nxa2 25. Be5 Bxe5 26. Nxe5 Be6 27. Nc5 Rfe8 28. Re3 Nb4 29. Ned3 Nxd3 30. Rexd3 Bf7 31. Ra1 Rec8 32. b4 Rab8 33. Rd4 Rc7 34. Na6 Rbc8 35. Nxc7 Rxc7 36. f3 Kf8 37. Kf2 Ke7 38. Re1+ Kd6 39. Re2 Bg6 40. Ra2 Bf7 41. Ra6+ Ke5 42. Rd2 Rb7 43. Re2+ Kd4 44. Rd2+ Kc3 45. Rda2 d4 46. Rxa7 Rxa7 47. Rxa7 Bc4 48. Rd7 d3 49. Ke3 Kxb4 50. Rxd3 Bxd3 51. Kxd3 Kc5 52. Ke4 Kd6 53. Kf5 Ke7 54. h4 Kf7 55. g4 g6+ 56. Kg5 Kg7 57. h5 h6+ 58. Kf4 gxh5 59. gxh5 Kf6 60. Ke4 Kg5 61. Ke5 Kxh5 62. Kf5 Kh4 63. Ke6 Kg3 64. Kf5 h5 65. Kg5 h4 66. f4 h3 67. f5 h2 68. f6 h1=Q 69. Kg6 Qh8 70. Kf7 Kf4 71. Ke7 Ke5 72. f7 Qg7 73. Ke8 Ke6 74. f8=Q Qd7# 0-1


[Site "https://www.chess.com"]

[Event "Titled Tuesday Blitz February 14 Early 2023"]
[White "Klabis, Rokas"]
[Black "Girsh, Daniel"]
[WhiteFideId "12805246"]
[BlackFideId "30949190"]
[WhiteElo "2415"]
[BlackElo "2123"]
[Result "1-0"]
[Round "09"]
[TimeControl "180+2"]
[Date "2023.02.14"]
[WhiteClock "0:00:21"]
[BlackClock "0:00:31"]

1. e4 c5 2. Nf3 d6 3. d4 cxd4 4. Nxd4 Nf6 5. Nc3 a6 6. h3 e5 7. Nde2 Nc6 8. g4 Be6 9. Bg2 Be7 10. O-O O-O 11. Ng3 b5 12. a3 b4 13. axb4 Nxb4 14. g5 Nd7 15. f4 exf4 16. Bxf4 Ne5 17. h4 Qb6+ 18. Kh1 Rac8 19. Nf5 Rfe8 20. Nxe7+ Rxe7 21. Na4 Qc6 22. c3 Nbd3 23. Bg3 Bc4 24. b3 Bb5 25. c4 Bxa4 26. Bxe5 Nxe5 27. Rxa4 Rb7 28. Qc2 Rcb8 29. Ra3 Qc5 30. Rxa6 g6 31. Qd2 Rxb3 32. Rxd6 Nxc4 33. Rd8+ Kg7 34. Rxf7+ Kxf7 35. Qf4+ Qf5 36. Qc7+ Ke6 37. Qxc4+ Ke5 38. Rd5+ Kf4 39. exf5+ Kg3 40. Rd3+ Rxd3 41. Qxd3+ Kf4 42. fxg6 hxg6 43. Qxg6 Kg3 44. Qd3+ Kxh4 45. g6 Rd8 46. Qxd8+ Kg3 47. Qg5+ Kf2 48. g7 Ke1 49. g8=Q Kf2 50. Qf7+ Ke1 51. Qg3+ Kd1 52. Qf1+ Kc2 53. Qff2+ Kb1 54. Qd3+ Ka1 55. Qdf1# 1-0


[Site "https://www.chess.com"]

[Event "Titled Tuesday Blitz February 14 Early 2023"]
[White "Donskov, Anatoly"]
[Black "Liyanage, Ranindu Dilshan"]
[WhiteFideId "24143413"]
[BlackFideId "9915834"]
[WhiteElo "2279"]
[BlackElo "2342"]
[Result "0-1"]
[Round "09"]
[TimeControl "180+2"]
[Date "2023.02.14"]
[WhiteClock "0:00:09"]
[BlackClock "0:00:14"]

1. e4 e5 2. Nf3 Nc6 3. Bb5 a6 4. Ba4 Nf6 5. Qe2 b5 6. Bb3 Bc5 7. c3 O-O 8. O-O d6 9. Rd1 Bg4 10. h3 Bxf3 11. Qxf3 h6 12. d3 Qe7 13. Nd2 Rad8 14. Nf1 Nh7 15. Ng3 Qf6 16. Qe2 Ng5 17. Rf1 Ne6 18. Qg4 Nf4 19. Nf5 h5 20. Qf3 g6 21. Ne3 Ne7 22. Kh2 Qg7 23. Nd1 g5 24. g3 g4 25. hxg4 hxg4 26. Qh1 Nxd3 27. Be3 Qg6 28. Bc2 Kg7 29. Kg1 Rh8 30. Qg2 Bxe3 31. Nxe3 Nxb2 32. f3 gxf3 33. Rxf3 Nc4 34. Raf1 Nxe3 35. Rxe3 Rh5 36. Bb3 f6 37. Ref3 Rdh8 38. Rxf6 Qxf6 39. Rxf6 Kxf6 40. Qf3+ Kg5 41. Qe3+ Kg6 42. Qd3 Rh1+ 43. Kf2 Ng8 44. Kf3 Nf6 45. Qe3 Rf8 46. Kg2 Rh2+ 47. Kg1 Ng4 48. Qe1 Rhf2 49. Bd1 Rf1+ 50. Qxf1 Rxf1+ 51. Kxf1 Ne3+ 52. Ke2 Nxd1 53. Kxd1 Kg5 54. Ke2 Kg4 55. Kf2 c5 56. Kg2 a5 57. Kf2 b4 58. cxb4 cxb4 59. Ke3 Kxg3 60. Kd3 Kf4 61. Kc4 Kxe4 62. Kb5 Kd4 63. Kxa5 Kc3 64. Kb5 e4 65. Kc6 e3 66. Kxd6 e2 0-1


[Site "https://www.chess.com"]

[Event "Titled Tuesday Blitz February 14 Early 2023"]
[White "Belozerov, Andrei"]
[Black "Yurasova, Daria"]
[WhiteFideId "4120213"]
[BlackFideId "34146919"]
[WhiteElo "2461"]
[BlackElo "2095"]
[Result "1/2-1/2"]
[Round "09"]
[TimeControl "180+2"]
[Date "2023.02.14"]
[WhiteClock "0:00:14"]
[BlackClock "0:00:08"]

1. e4 e5 2. Nf3 Nc6 3. Bb5 a6 4. Ba4 Nf6 5. O-O b5 6. Bb3 Bc5 7. c3 d6 8. a4 Bb7 9. d3 h6 10. Nbd2 O-O 11. h3 Bb6 12. Re1 Ne7 13. Nf1 Ng6 14. Ng3 Re8 15. Qc2 d5 16. exd5 Bxd5 17. Ne4 Nxe4 18. dxe4 Bxb3 19. Qxb3 Qf6 20. axb5 Nh4 21. c4 axb5 22. Rxa8 Rxa8 23. cxb5 Ra5 24. Rd1 Nxf3+ 25. gxf3 Bd4 26. Bd2 Ra8 27. Kg2 Rd8 28. Be3 Rd6 29. Bxd4 Qg5+ 30. Kf1 exd4 31. Qc4 Rd7 32. Rxd4 Rxd4 33. Qxd4 Qxb5+ 34. Kg2 Qg5+ 35. Kh2 Qf4+ 36. Kg2 Qg5+ 37. Kh1 Qc1+ 38. Kg2 Qg5+ 1/2-1/2


[Site "https://www.chess.com"]

[Event "Titled Tuesday Blitz February 14 Early 2023"]
[White "Kanyamarala, Tarun"]
[Black "Boyer, Mahel"]
[WhiteFideId "45004714"]
[BlackFideId "45102422"]
[WhiteElo "2342"]
[BlackElo "2489"]
[Result "0-1"]
[Round "09"]
[TimeControl "180+2"]
[Date "2023.02.14"]
[WhiteClock "0:00:21"]
[BlackClock "0:00:17"]

1. d4 Nf6 2. c4 c5 3. d5 b5 4. cxb5 e6 5. Nc3 exd5 6. Nxd5 Bb7 7. e4 Bxd5 8. exd5 Bd6 9. Be2 O-O 10. Nf3 a6 11. O-O Qb6 12. bxa6 Nxa6 13. b3 Nb4 14. Bb2 Nbxd5 15. Bc4 Qc6 16. Ng5 Nf4 17. Qf3 Qxf3 18. Nxf3 Be7 19. Rfe1 Ne6 20. Ne5 d5 21. Nc6 Bd6 22. Bxf6 dxc4 23. Be7 Rfc8 24. Bxd6 Rxc6 25. Be5 f6 26. Bc3 cxb3 27. axb3 Rxa1 28. Rxa1 Rb6 29. Ra3 c4 30. b4 Nc7 31. g3 Nd5 32. Bd2 Nxb4 33. Ra8+ Kf7 34. Bxb4 Rxb4 35. Rc8 Ke6 36. Kg2 Kd5 37. Kf3 Rb5 38. Ke3 Rc5 39. Rd8+ Ke5 40. f4+ Kf5 41. Kd4 c3 0-1


[Site "https://www.chess.com"]

[Event "Titled Tuesday Blitz February 14 Early 2023"]
[White "Bochnicka, Vladimir"]
[Black "Weetik, Vjacheslav"]
[WhiteFideId "14943450"]
[BlackFideId "4153472"]
[WhiteElo "2327"]
[BlackElo "2423"]
[Result "1-0"]
[Round "09"]
[TimeControl "180+2"]
[Date "2023.02.14"]
[WhiteClock "0:00:08"]
[BlackClock "0:00:02"]

1. e4 c5 2. Nf3 d6 3. d4 cxd4 4. Nxd4 Nf6 5. Nc3 a6 6. f3 e5 7. Nb3 Be6 8. Be3 Be7 9. Qd2 O-O 10. O-O-O Qc7 11. g4 Rc8 12. Kb1 Nbd7 13. g5 Nh5 14. Ne2 g6 15. Ng3 Nf4 16. h4 d5 17. Bxf4 exf4 18. exd5 Bxd5 19. Qxd5 Qxc2+ 20. Ka1 Nb6 21. Qd4 Rd8 22. Bd3 Qxd1+ 23. Rxd1 Rxd4 24. Nxd4 fxg3 25. Ne2 g2 26. Nf4 h6 27. gxh6 Bxh4 28. Nxg2 Bg5 29. Be4 Nc4 30. Rd7 Rd8 31. Rxd8+ Bxd8 32. Bxb7 a5 33. Bd5 Nb6 34. h7+ Kxh7 35. Bxf7 Bf6 36. Nf4 Na4 37. Bxg6+ Kh6 38. Be4 Nxb2 39. Kb1 Nc4 40. Nd5 Be5 41. Kc2 Kg5 42. Kb3 Nd6 43. Ka4 Nb7 44. f4+ Bxf4 45. Nxf4 Nc5+ 46. Kxa5 Nxe4 47. Nd5 Kf5 48. Kb5 Ke5 49. Kc6 1-0


[Site "https://www.chess.com"]

[Event "Titled Tuesday Blitz February 14 Early 2023"]
[White "Panesar Vedant"]
[Black "Grycel, Kamil"]
[WhiteFideId "35033018"]
[BlackFideId "1115499"]
[WhiteElo "2387"]
[BlackElo "2315"]
[Result "1-0"]
[Round "09"]
[TimeControl "180+2"]
[Date "2023.02.14"]
[WhiteClock "0:00:24"]
[BlackClock "0:00:02"]

1. Nf3 b6 2. e4 Bb7 3. Nc3 e6 4. d4 Bb4 5. Bd3 Nf6 6. Nd2 Bxc3 7. bxc3 d6 8. O-O Nbd7 9. f4 e5 10. fxe5 dxe5 11. Ba3 c5 12. Qf3 O-O 13. Nc4 Qc7 14. Ne3 Rfe8 15. d5 c4 16. Nxc4 Nc5 17. Rac1 Ba6 18. Ne3 Nxd3 19. cxd3 Bxd3 20. Ng4 Nxg4 21. Qxd3 Rac8 22. c4 Qd7 23. Qg3 f6 24. h3 Nh6 25. Rxf6 Kh8 26. Rd6 Qa4 27. Bb2 Nf7 28. Re6 Qxa2 29. Bxe5 Nxe5 30. Qxe5 Rf8 31. Re7 Qf2+ 32. Kh1 Rg8 33. Rxa7 Rcf8 34. d6 Qe3 35. Rd1 Qe2 36. Rg1 Rf1 37. Rxf1 Qxf1+ 38. Kh2 Qf2 39. Re7 Qf8 40. d7 Qd8 41. Re8 Qxd7 42. Rxg8+ Kxg8 43. Qb8+ Kf7 44. Qxb6 Qe7 45. Qf2+ Kg8 46. Qf4 Qc5 47. e5 Qc7 48. Kg3 h6 49. e6 Qe7 50. Qf7+ 1-0


[Site "https://www.chess.com"]

[Event "Titled Tuesday Blitz February 14 Early 2023"]
[White "Molina, Roberto Junio Brito"]
[Black "Demin, Vladimir"]
[WhiteFideId "2109450"]
[BlackFideId "4167457"]
[WhiteElo "2403"]
[BlackElo "2430"]
[Result "1-0"]
[Round "09"]
[TimeControl "180+2"]
[Date "2023.02.14"]
[WhiteClock "0:01:35"]
[BlackClock "0:00:12"]

1. e4 e5 2. Nf3 Nf6 3. Nxe5 d6 4. Nf3 Nxe4 5. Nc3 Nxc3 6. dxc3 Be7 7. Be3 O-O 8. Qd2 d5 9. O-O-O Be6 10. Kb1 a5 11. h4 a4 12. Ng5 Nc6 13. Bb5 a3 14. b3 Qd7 15. c4 Rad8 16. Nxe6 fxe6 17. cxd5 Qxd5 18. Qxd5 exd5 19. c3 Bf6 20. Kc2 d4 21. Bxc6 dxe3 22. Bd5+ Kh8 23. fxe3 c6 24. Bf3 Rde8 25. e4 Re7 26. b4 Be5 27. h5 h6 28. Kb3 Ra8 29. Rd3 b5 30. Rhd1 Kh7 31. Bg4 Rf7 32. Bf5+ Kh8 33. g4 Rc7 34. Rd8+ Rxd8 35. Rxd8# 1-0


[Site "https://www.chess.com"]

[Event "Titled Tuesday Blitz February 14 Early 2023"]
[White "Sharapov, Evgeny"]
[Black "Maksimovic, Bojan"]
[WhiteFideId "14103133"]
[BlackFideId "14408120"]
[WhiteElo "2375"]
[BlackElo "2486"]
[Result "1-0"]
[Round "09"]
[TimeControl "180+2"]
[Date "2023.02.14"]
[WhiteClock "0:00:24"]
[BlackClock "0:00:01"]

1. e4 g6 2. d4 Nf6 3. e5 Nh5 4. Nc3 d6 5. Nf3 dxe5 6. Nxe5 Nd7 7. Nf3 Bg7 8. Bc4 O-O 9. O-O c5 10. Be3 cxd4 11. Bxd4 Nhf6 12. Re1 a6 13. a4 Qc7 14. Qe2 e6 15. Rad1 b6 16. Ne5 Bb7 17. Nxd7 Nxd7 18. Bxg7 Kxg7 19. b3 Rfd8 20. Qe3 Nc5 21. f3 h5 22. Rd4 Rxd4 23. Qxd4+ Kg8 24. Rd1 Qe7 25. b4 e5 26. Qd6 Qg5 27. Qd2 Qxd2 28. Rxd2 Ne6 29. Bxe6 fxe6 30. Rd7 Rc8 31. Rxb7 Rxc3 32. Rxb6 Rc4 33. c3 a5 34. bxa5 Rxa4 35. a6 Kf7 36. Rb7+ Kf6 37. a7 e4 38. fxe4 Ke5 39. Kf2 Ra3 40. Ke2 Kxe4 41. Kd2 Ra2+ 42. Kc1 e5 43. Kb1 Ra6 44. Kb2 Kd5 45. Kb3 e4 46. Re7 Kd6 47. Rg7 Ke5 48. Kb4 Kf6 49. Rb7 e3 50. Kb5 Ra1 51. Rb6+ Kf5 52. Ra6 Rxa6 53. Kxa6 e2 54. a8=Q e1=Q 55. Qf3+ Ke6 56. h3 Qa1+ 57. Kb5 Qb2+ 58. Kc4 Qa2+ 59. Kd3 Qb1+ 60. Kd4 Qb6+ 61. Kd3 Qd6+ 62. Ke2 Qa6+ 63. Qd3 Qa2+ 64. Kf3 Kf6 65. c4 Qa8+ 66. Qe4 Qa3+ 67. Qe3 Qa8+ 68. Kf2 g5 69. Qf3+ Qxf3+ 70. Kxf3 Ke5 71. Ke3 g4 72. h4 g3 73. Kf3 1-0


[Site "https://www.chess.com"]

[Event "Titled Tuesday Blitz February 14 Early 2023"]
[White "Yurovskykh, Oleksandr"]
[Black "Yuan, Qingyu"]
[WhiteFideId "14134020"]
[BlackFideId "8609772"]
[WhiteElo "2328"]
[BlackElo "2373"]
[Result "0-1"]
[Round "09"]
[TimeControl "180+2"]
[Date "2023.02.14"]
[WhiteClock "0:00:27"]
[BlackClock "0:00:29"]

1. d4 d5 2. Bf4 Nf6 3. e3 c5 4. c3 Nc6 5. Nd2 cxd4 6. exd4 Bf5 7. Ngf3 e6 8. Nh4 Bg4 9. Qb3 Qd7 10. h3 Bh5 11. g4 Bg6 12. Nxg6 hxg6 13. Be2 Bd6 14. Be3 Qc7 15. h4 O-O-O 16. O-O-O Kb8 17. h5 gxh5 18. gxh5 Bf4 19. Rdg1 Rh7 20. Kb1 Rdh8 21. Qd1 e5 22. Bxf4 exf4 23. Bf3 Qd7 24. Rg5 Qe6 25. Re1 Qd6 26. Qb3 Rd8 27. Reg1 g6 28. hxg6 fxg6 29. Rxg6 Rh2 30. R1g2 Rh1+ 31. Kc2 Nxd4+ 32. cxd4 Rc8+ 33. Nc4 Rxc4+ 34. Kd2 Rxd4+ 0-1


[Site "https://www.chess.com"]

[Event "Titled Tuesday Blitz February 14 Early 2023"]
[White "Ioannidis, Evgenios"]
[Black "Ordekalog"]
[WhiteFideId "4229274"]
[WhiteElo "2467"]
[BlackElo "2544"]
[Result "1-0"]
[Round "09"]
[TimeControl "180+2"]
[Date "2023.02.14"]
[WhiteClock "0:00:04"]
[BlackClock "0:00:02"]

1. d4 Nf6 2. c4 e5 3. dxe5 Ng4 4. Bf4 Nc6 5. Nf3 Bb4+ 6. Nc3 Bxc3+ 7. bxc3 Qe7 8. Qd5 f6 9. exf6 Nxf6 10. Qd3 d6 11. g3 O-O 12. Bg2 Re8 13. O-O Qxe2 14. Qxe2 Rxe2 15. Nd4 Nxd4 16. cxd4 Be6 17. Bxb7 Rb8 18. Bf3 Rc2 19. d5 Bh3 20. Rfc1 Rbb2 21. Rxc2 Rxc2 22. Rc1 Rxa2 23. c5 dxc5 24. Bxc7 c4 25. Bf4 Ra3 26. Bh1 Rd3 27. d6 c3 28. Bg2 Bxg2 29. Kxg2 Nd7 30. Kf1 g5 31. Bxg5 Rxd6 32. Rxc3 Kf7 33. Rc7 a6 34. Bf4 Rd5 35. Ra7 a5 36. Bc7 Rc5 37. Bxa5 Ke6 38. Bd2 h5 39. Be3 Rc2 40. Ra6+ Kf5 41. Ra5+ Ke4 42. Rxh5 Nf6 43. Rh4+ Kd3 44. Rd4+ Kc3 45. Kg2 Ra2 46. h4 Ra6 47. g4 Nh7 48. g5 Nf8 49. h5 Ne6 50. Re4 1-0


[Site "https://www.chess.com"]

[Event "Titled Tuesday Blitz February 14 Early 2023"]
[White "Mamedov, Edgar"]
[Black "Srihari L R"]
[WhiteFideId "13739980"]
[BlackFideId "46617116"]
[WhiteElo "2193"]
[BlackElo "2416"]
[Result "1-0"]
[Round "09"]
[TimeControl "180+2"]
[Date "2023.02.14"]
[WhiteClock "0:00:14"]
[BlackClock "0:00:10"]

1. d4 d5 2. Bg5 h6 3. Bh4 c5 4. dxc5 Qa5+ 5. Nc3 e6 6. e4 Bxc5 7. exd5 Qb4 8. Bg3 Qxb2 9. Nge2 Nf6 10. Rb1 Qa3 11. Rb3 Qa5 12. Rb5 Qa3 13. Nb1 Qxa2 14. Rxc5 Na6 15. Nec3 Qa1 16. Bb5+ Bd7 17. Bxd7+ Nxd7 18. Rb5 O-O 19. O-O exd5 20. Nxd5 Nf6 21. Nbc3 Qxd1 22. Nxf6+ gxf6 23. Rxd1 Rfc8 24. Ne4 Rxc2 25. Nxf6+ Kf8 26. Rxb7 Rac8 27. h3 Nc5 28. Bd6+ Kg7 29. Bxc5 R2xc5 30. Ne4 Rc1 31. Rxc1 Rxc1+ 32. Kh2 a5 33. Ra7 Rc4 34. Nd6 Rc2 35. Rxa5 Rxf2 36. Rf5 Rd2 37. Rxf7+ Kg6 38. Ne4 Rxg2+ 39. Kxg2 Kxf7 40. Kg3 Kg6 41. Kh4 Kf5 42. Ng3+ Kf4 43. Ne2+ Kf3 44. Nd4+ Kf4 45. Kh5 Kg3 46. h4 1-0


[Site "https://www.chess.com"]

[Event "Titled Tuesday Blitz February 14 Early 2023"]
[White "Cherniaiev, Tykhon"]
[Black "Petukhov, Dmitry"]
[WhiteFideId "14182360"]
[BlackFideId "4142748"]
[WhiteElo "2330"]
[BlackElo "2350"]
[Result "1-0"]
[Round "09"]
[TimeControl "180+2"]
[Date "2023.02.14"]
[WhiteClock "0:00:09"]
[BlackClock "0:00:13"]

1. Nf3 Nf6 2. c4 c6 3. d4 g6 4. Nc3 d5 5. g3 Bg7 6. Bg2 O-O 7. O-O dxc4 8. e4 b5 9. e5 Nd5 10. Ne4 Bf5 11. Re1 Bxe4 12. Rxe4 e6 13. Bh3 Nd7 14. Rh4 c5 15. Ng5 cxd4 16. Nxe6 fxe6 17. Bxe6+ Kh8 18. Qg4 Ne3 19. Qh3 Qxh4 20. gxh4 Nxe5 21. fxe3 d3 22. Kg2 Rf6 23. Bd5 Raf8 24. Kg1 Rf2 25. Bd2 Rxd2 26. Rf1 Rd8 27. h5 g5 28. h6 Bf8 29. Qe6 Bxh6 30. Qf6+ Bg7 31. Qxd8+ 1-0


[Site "https://www.chess.com"]

[Event "Titled Tuesday Blitz February 14 Early 2023"]
[White "Taspinar, Yanki"]
[Black "Zaragatski, Ilja"]
[WhiteFideId "34561188"]
[BlackFideId "4655192"]
[WhiteElo "2262"]
[BlackElo "2472"]
[Result "1-0"]
[Round "09"]
[TimeControl "180+2"]
[Date "2023.02.14"]
[WhiteClock "0:00:18"]
[BlackClock "0:00:06"]

1. Nf3 Nf6 2. g3 b6 3. Bg2 Bb7 4. O-O e6 5. b3 c5 6. Bb2 d5 7. d4 Be7 8. Nbd2 O-O 9. c4 Nbd7 10. Rc1 Rc8 11. e3 cxd4 12. Nxd4 Nc5 13. Qe2 dxc4 14. Bxb7 Nxb7 15. Nxc4 Qd5 16. Rfd1 Qg5 17. h4 Qg6 18. Ne5 Qe4 19. Ndc6 Bd6 20. Rc4 Qf5 21. g4 Nxg4 22. Qxg4 Qxg4+ 23. Nxg4 b5 24. Rc2 Rc7 25. Rdc1 Rfc8 26. Nd4 f5 27. Rxc7 Bxc7 28. Ne5 Nd6 29. Nxe6 Bb6 30. Rxc8+ Nxc8 31. Nd7 1-0


[Site "https://www.chess.com"]

[Event "Titled Tuesday Blitz February 14 Early 2023"]
[White "Veiga, Jose Francisco R P Neves"]
[Black "Csonka, Balazs"]
[WhiteFideId "1930087"]
[BlackFideId "742910"]
[WhiteElo "2406"]
[BlackElo "2496"]
[Result "0-1"]
[Round "09"]
[TimeControl "180+2"]
[Date "2023.02.14"]
[WhiteClock "0:00:02"]
[BlackClock "0:00:13"]

1. b3 g6 2. Bb2 Nf6 3. Nf3 Bg7 4. c4 O-O 5. g3 b6 6. Bg2 Bb7 7. O-O c5 8. d4 cxd4 9. Qxd4 Nc6 10. Qd3 d5 11. cxd5 Qxd5 12. Qxd5 Nxd5 13. Bxg7 Kxg7 14. Rc1 Rac8 15. Na3 Rfd8 16. Nc4 Kf6 17. e4 Ndb4 18. Bh3 Rb8 19. e5+ Kg7 20. a3 Nd3 21. Rd1 b5 22. Ne3 Ncxe5 23. Nxe5 Nxe5 24. f4 Nf3+ 25. Kf2 Nd2 26. b4 Rd3 27. Ke2 Rbd8 28. Bg2 Bxg2 29. Nxg2 R3d7 30. Rac1 Nc4 31. Rxd7 Rxd7 32. a4 Rd2+ 33. Kf3 a6 34. axb5 axb5 35. Re1 e6 36. h4 Rd3+ 37. Kg4 h5+ 38. Kh3 Rb3 39. Rd1 Rxb4 40. Rd7 Rb1 41. f5 Rh1# 0-1


[Site "https://www.chess.com"]

[Event "Titled Tuesday Blitz February 14 Early 2023"]
[White "Tan, Jun Ying"]
[Black "Derjabin, Ilja"]
[WhiteFideId "5710413"]
[BlackFideId "14104768"]
[WhiteElo "2307"]
[BlackElo "2333"]
[Result "1-0"]
[Round "09"]
[TimeControl "180+2"]
[Date "2023.02.14"]
[WhiteClock "0:00:37"]
[BlackClock "0:00:03"]

1. d4 Nf6 2. c4 c5 3. d5 b5 4. cxb5 a6 5. bxa6 Bxa6 6. Nc3 d6 7. Nf3 g6 8. g3 Bg7 9. Bg2 O-O 10. Rb1 Ne8 11. O-O Nc7 12. Qc2 Nb5 13. Nxb5 Bxb5 14. b3 Na6 15. a4 Nb4 16. Qd2 Bd7 17. Bb2 Bxb2 18. Rxb2 Qa5 19. Qh6 f6 20. Nd2 Na6 21. Nc4 Qb4 22. Rd1 Bxa4 23. bxa4 Qxc4 24. Bh3 Nb4 25. Be6+ Kh8 26. h4 Qc3 27. Rbd2 Qe5 28. Kg2 Qh5 29. Qe3 Rxa4 30. Bd7 Ra7 31. Qxe7 Qh6 32. Qxd6 Qg7 33. Be6 Na6 34. Qb6 Re7 35. Qxa6 1-0


[Site "https://www.chess.com"]

[Event "Titled Tuesday Blitz February 14 Early 2023"]
[White "Cella, Glaucio Dalla Cortt"]
[Black "Skliarov, Viktor"]
[WhiteFideId "2119455"]
[BlackFideId "14106736"]
[WhiteElo "1894"]
[BlackElo "2383"]
[Result "0-1"]
[Round "09"]
[TimeControl "180+2"]
[Date "2023.02.14"]
[WhiteClock "0:00:12"]
[BlackClock "0:00:10"]

1. e4 c5 2. Nf3 Nc6 3. c3 Nf6 4. e5 Nd5 5. d4 cxd4 6. cxd4 d6 7. Nc3 e6 8. Bd3 dxe5 9. dxe5 Ndb4 10. Bb1 Qxd1+ 11. Nxd1 b6 12. a3 Nd5 13. O-O Ba6 14. Re1 h6 15. Ne3 Nf4 16. Be4 Rc8 17. b4 g5 18. Bb2 Nd3 19. Bxd3 Bxd3 20. Rac1 Bg7 21. Nd4 Ne7 22. Rxc8+ Nxc8 23. Rd1 Be4 24. f3 Ba8 25. Rc1 Kd7 26. Nc4 Bd5 27. Nb5 a6 28. Nbd6 Nxd6 29. Nxd6 Bf8 30. Nxf7 Rh7 31. Nd6 Bxd6 32. exd6 Kxd6 33. Bd4 b5 34. Kf2 h5 35. g3 Rf7 36. Rc3 e5 37. Be3 Rxf3+ 38. Ke2 g4 39. Bc5+ Ke6 40. Rxf3 Bxf3+ 41. Ke3 Kd5 42. h3 Be4 43. hxg4 hxg4 44. Bf8 Bf3 45. Bc5 Kc4 46. Bd6 e4 47. Bc5 Kb3 48. Bf8 Kxa3 49. Kd4 Ka4 50. Kc3 a5 51. bxa5 Kxa5 52. Bb4+ Ka4 53. Bc5 Bg2 54. Be3 Bf1 55. Kb2 Bd3 56. Bf4 b4 57. Bd2 Kb5 58. Be3 Kc4 59. Kc1 Be2 60. Kb2 Bf3 61. Bd2 Kd3 62. Bxb4 Ke2 63. Kc3 e3 64. Kd4 Kf2 65. Bd6 e2 66. Bb4 e1=Q 67. Bxe1+ Kxe1 68. Ke3 Kf1 69. Kf4 Kg2 70. Ke3 Kxg3 71. Kd2 Kf2 72. Kd3 g3 73. Kd4 g2 0-1


[Site "https://www.chess.com"]

[Event "Titled Tuesday Blitz February 14 Early 2023"]
[White "Skvortsov, Andrei"]
[Black "Bettalli, Francesco"]
[WhiteFideId "24108600"]
[BlackFideId "2816453"]
[WhiteElo "2313"]
[BlackElo "2252"]
[Result "1/2-1/2"]
[Round "09"]
[TimeControl "180+2"]
[Date "2023.02.14"]
[WhiteClock "0:00:08"]
[BlackClock "0:00:09"]

1. Nf3 g6 2. e4 Bg7 3. d4 c6 4. h3 d5 5. Nc3 dxe4 6. Nxe4 Nf6 7. Nxf6+ Bxf6 8. Bh6 Nd7 9. c3 Nb6 10. Bd3 Bf5 11. Bxf5 gxf5 12. Qd3 Qd7 13. O-O-O O-O-O 14. Rhe1 e6 15. Bg5 Bxg5+ 16. Nxg5 Rhg8 17. h4 h6 18. Nf3 Rxg2 19. Ne5 Qd5 20. Nxf7 Rf8 21. Ne5 Qxa2 22. Re2 Na4 23. Nc4 Qb3 24. Ne3 Rg7 25. Rc2 Rd8 26. Qe2 Nb6 27. c4 Rgd7 28. d5 exd5 29. cxd5 Nxd5 30. Nxf5 Qa4 31. Rd4 Qa1+ 32. Kd2 Qa5+ 33. Kd1 Nf4 34. Qg4 Qe5 35. Rcd2 h5 36. Nd6+ Kc7 37. Ne8+ Qxe8 38. Qxf4+ Kc8 39. Rxd7 Rxd7 40. Rxd7 Qxd7+ 41. Kc1 Qg4 42. Qf6 Kc7 43. Qe5+ Kb6 44. Qg5 Qxg5+ 45. hxg5 h4 46. g6 h3 47. g7 h2 48. g8=Q h1=Q+ 49. Kd2 Qd5+ 50. Qxd5 cxd5 51. Kd3 Kc5 52. f4 b5 53. f5 a5 54. f6 Kd6 55. Kd4 a4 56. f7 Ke7 57. Kxd5 b4 58. Kc4 a3 59. bxa3 bxa3 60. Kb3 a2 61. f8=Q+ Kxf8 62. Kxa2 1/2-1/2


[Site "https://www.chess.com"]

[Event "Titled Tuesday Blitz February 14 Early 2023"]
[White "AyMitecK"]
[Black "Cunha, Lucas Aguiar"]
[BlackFideId "2125404"]
[WhiteElo "2484"]
[BlackElo "2309"]
[Result "0-1"]
[Round "09"]
[TimeControl "180+2"]
[Date "2023.02.14"]
[WhiteClock "0:01:59"]
[BlackClock "0:01:22"]

1. e4 c5 2. Nf3 e6 3. Nc3 Nc6 4. Bb5 Nd4 5. O-O a6 6. Be2 Ne7 7. Re1 Nec6 8. Bf1 Be7 9. Nd5 exd5 10. exd5 Nxf3+ 11. Qxf3 Nd4 12. Qd3 O-O 13. c3 Nb5 14. Qe3 Bf6 15. Qxc5 d6 16. Qc4 Bf5 17. d3 Rc8 18. Qf4 Qd7 19. a4 Nc7 20. c4 a5 21. Be3 Bxb2 22. Rab1 Be5 23. Qh4 Na6 24. Bb6 Qxa4 25. Ra1 Bxa1 26. Rxa1 Qxa1 27. Bd4 Qc1 28. Be3 Qd1 29. Qd4 Nc5 0-1


[Site "https://www.chess.com"]

[Event "Titled Tuesday Blitz February 14 Early 2023"]
[White "Sadykov, Ramil"]
[Black "Fiorito, Francisco"]
[WhiteFideId "24113590"]
[BlackFideId "180165"]
[WhiteElo "2345"]
[BlackElo "2305"]
[Result "0-1"]
[Round "09"]
[TimeControl "180+2"]
[Date "2023.02.14"]
[WhiteClock "0:00:01"]
[BlackClock "0:00:12"]

1. d4 Nf6 2. Nc3 g6 3. e4 d6 4. Be3 c6 5. f3 b5 6. Qd2 Bg7 7. Bh6 Bxh6 8. Qxh6 Qa5 9. Bd3 b4 10. Nce2 Ba6 11. Qd2 Bxd3 12. Qxd3 Nbd7 13. Nh3 Rc8 14. O-O O-O 15. a3 bxa3 16. Rxa3 Qb6 17. Qb3 Qc7 18. Rfa1 Rb8 19. Qa2 Qb6 20. Rb3 Qc7 21. Qxa7 Qxa7 22. Rxa7 Rxb3 23. cxb3 Rb8 24. Nc1 e5 25. dxe5 dxe5 26. Kf2 h6 27. Ke3 Nc5 28. Ra3 Ne8 29. Nf2 Ne6 30. Ng4 f6 31. Nxh6+ Kg7 32. Ng4 Rb7 33. g3 Nd6 34. Nf2 Nb5 35. Ra6 Nbd4 36. Nfd3 Kf7 37. f4 Nc7 38. Ra5 Nxb3 39. Nxb3 Rxb3 40. fxe5 fxe5 41. Rxe5 Na6 42. Kd4 Nc7 43. Ra5 Rb7 44. Kc4 Kf6 45. b4 Ne6 46. Ra6 Rc7 47. Nc5 Nd8 48. Nd3 Nf7 49. b5 Ke7 50. Rxc6 Ra7 51. Ra6 Rc7+ 52. Kd4 Nd8 53. Nc5 Nf7 54. Kd5 Rc8 55. Ra7+ Kf8 56. b6 Rd8+ 57. Rd7 Rb8 58. b7 Nd8 59. Rc7 Ke8 60. Rc8 Rxb7 61. Nxb7 Kd7 0-1


[Site "https://www.chess.com"]

[Event "Titled Tuesday Blitz February 14 Early 2023"]
[White "Manukian, Artak"]
[Black "Fries-Nielsen, Jens Ove"]
[WhiteFideId "13301373"]
[BlackFideId "1400142"]
[WhiteElo "2196"]
[BlackElo "2377"]
[Result "1-0"]
[Round "09"]
[TimeControl "180+2"]
[Date "2023.02.14"]
[WhiteClock "0:00:09"]
[BlackClock "0:01:32"]

1. e4 c5 2. Nf3 Nc6 3. c3 e6 4. d4 d5 5. e5 h6 6. a3 g5 7. b4 cxd4 8. cxd4 g4 9. Ng1 h5 10. Nc3 Nh6 11. Bb2 Nf5 12. Nge2 a6 13. Na4 h4 14. Nf4 Qg5 15. Qd2 Bh6 16. g3 Qg7 17. Be2 Bg5 18. O-O hxg3 19. fxg3 Qh6 20. Bxg4 Nxg3 21. Nc5 Nxf1 22. Rxf1 b6 23. Ncd3 Bd7 24. a4 Ne7 25. Qf2 Bxa4 26. Bh5 Rh7 27. Bc1 O-O-O 28. h4 Bxf4 29. Nxf4 Nf5 30. Kh2 Bb5 31. Nxd5 Qxh5 32. Qc2+ Kd7 33. Qc7+ Ke8 34. Nf6+ Kf8 35. Qxd8+ 1-0


[Site "https://www.chess.com"]